 Dungeon Crawl Stone Soup version 0.14-a0-2443-g5aee772 (webtiles) character file.

813 4tharraofdagon the Chopper (level 7, -9/60 HPs)
             Began as a Minotaur Gladiator on Feb 5, 2014.
             Mangled by Prince Ribbit (10 damage)
             ... on Level 7 of the Dungeon.
             The game lasted 00:10:26 (1678 turns).

4tharraofdagon the Chopper (Minotaur Gladiator)     Turns: 1678, Time: 00:10:26

HP  -9/60        AC 10     Str 21      XL: 7   Next: 29%
MP   3/3         EV  9     Int  2 (5)  God:
Gold 156         SH  0     Dex 11      Spells:  0 memorised,  6 levels left

rFire  . . .     SeeInvis .     l - +0,+1 orc hand axe
rCold  . . .     Clarity  .     r - +0 scale mail
rNeg   + . .     Conserve .     (no shield)
rPois  .         rCorr    .     c - +0 hat
rElec  .         rRot     .     w - +2 cloak
SustAb . .       Spirit   .     (no gloves)
rMut   .         Warding  .     (no boots)
Saprov . . .     Stasis   .     (no amulet)
MR     .....                    (no ring)
                                j - ring of positive energy {unknown}

@: not resistant to hostile enchantments, extremely unstealthy
A: retaliatory headbutt, horns 2
a: no special abilities


You were on level 7 of the Dungeon.
You were not hungry.

You visited 1 branch of the dungeon, and saw 8 of its levels.

You collected 156 gold pieces.

Inventory:

Hand weapons
 a - a +0,-3 hand axe
 l - a +0,+1 orcish hand axe (weapon)
 B - a +0 blowgun
Missiles
 k - a throwing net [frayed] (quivered)
 t - 4 tomahawks
 C - 9 poisoned needles
Armour
 b - a +0 leather armour
 c - a +0 hat (worn)
 e - a +0 cloak
 g - a +0 cloak
 i - a +0 elven ring mail
 r - a +0 scale mail (worn)
 w - a +2 cloak (worn)
Magical devices
 s - a wand of digging (13)
 y - a wand of paralysis (7)
Comestibles
 f - 4 bread rations
 n - 4 meat rations
 p - a choko
Scrolls
 h - a scroll of magic mapping
 q - a scroll of noise
 u - a scroll of remove curse {unknown}
Jewellery
 j - a ring of positive energy (left hand) {unknown}
 m - an uncursed ring of ice


   Skills:
 + Level 4.8 Fighting
 * Level 7.0 Axes
 - Level 2.0 Throwing
 + Level 4.0 Armour
 + Level 5.0 Dodging


You had 6 spell levels left.
You didn't know any spells.

Dungeon Overview and Level Annotations

Branches:
Dungeon (8/16)
 Temple: D:4-7         Lair: D:8-11

Altars:
Nemelex Xobeh

Shops:
D:5 =

Annotations:
D:7 Menkaure, Pikel, Prince Ribbit


Innate Abilities, Weirdness & Mutations

You reflexively headbutt those who attack you in melee.
You have a pair of horns on your head.


Message History

Unknown command.
Unknown command.
Unknown command.
Unknown command.
Unknown command.
Evoke which item? (* to show all) (? for menu, Esc to quit)
Zapping:
y - a wand of paralysis {zapped: 11}
Press: ? - help, Shift-Dir - straight line, f/p - Prince Ribbit
Aim: Prince Ribbit (lightly wounded) Prince Ribbit easily resists.
Prince Ribbit hits you but does no damage.
Unknown command.
Evoke which item? (* to show all) (? for menu, Esc to quit)
Zapping:
y - a wand of paralysis {zapped: 12}
Press: ? - help, Shift-Dir - straight line, f/p - Prince Ribbit
Aim: Prince Ribbit (lightly wounded) Prince Ribbit easily resists.
Prince Ribbit hits you but does no damage.
Prince Ribbit hits you!
You die...

#.# #.# #.# #.# #.#
##.# #.#.# #.##.#
#.# #.# ##.# #.#
##@# #.# #F## #.#
#####.## #.#
#....lF## #.#
#....b.s###.#
#......#.##.#
#......##cF.######
#....M.#.o..{.......
#..)......c{:......


You could see Prince Ribbit.

Vanquished Creatures
  A centaur (D:7)
  A giant frog (D:7)
  Blork the orc (D:7)
  2 crimson imps (D:5)
  A centaur zombie (D:5)
  2 orc wizards (D:7)
  A hound (D:7)
  2 jellies
  A quasit (D:8)
  A scorpion (D:4)
  An ogre zombie (D:6)
  Ijyb (D:2)
  Jessica (D:2)
  A hound zombie (D:6)
  2 adders
  A giant mite (D:2)
  A worm (D:5)
  An iguana skeleton (D:8)
  A giant gecko (D:7)
  An ooze (D:6)
  5 orcs
  A bat skeleton (D:5)
  4 giant cockroaches
  5 hobgoblins
  A jackal (D:7)
  4 kobolds
  2 ball pythons
  7 bats
  3 giant newts
  7 goblins
  A jackal skeleton (D:5)
  5 rats
69 creatures vanquished.

Notes
Turn   | Place    | Note
--------------------------------------------------------------
     0 | D:1      | 4tharraofdagon, the Minotaur Gladiator, began the quest for the Orb.
     0 | D:1      | Reached XP level 1. HP: 18/18 MP: 1/1
    73 | D:1      | Reached XP level 2. HP: 16/25 MP: 1/1
   129 | D:2      | Reached skill level 4 in Axes
   129 | D:2      | Reached skill level 1 in Armour
   153 | D:2      | Noticed Ijyb
   169 | D:2      | Killed Ijyb
   169 | D:2      | Reached XP level 3. HP: 3/31 MP: 2/2
   239 | D:2      | Noticed Jessica
   259 | D:2      | Killed Jessica
   288 | D:2      | Reached XP level 4. HP: 3/38 MP: 2/2
   369 | D:3      | You fall through a shaft!
   448 | D:5      | Entered Level 5 of the Dungeon
   494 | D:5      | Found Haegeal's Jewellery Emporium.
   536 | D:4      | Reached skill level 5 in Axes
   536 | D:4      | Reached XP level 5. HP: 30/45 MP: 2/2
   867 | D:6      | Noticed an orc warrior
  1086 | D:6      | HP: 1/46 [ogre zombie (7)]
  1087 | D:6      | Reached XP level 6. HP: 1/52 MP: 3/3
  1118 | D:5      | Noticed a centaur
  1350 | D:7      | Reached skill level 6 in Axes
  1412 | D:7      | Noticed a steam dragon
  1414 | D:7      | Noticed a troll
  1429 | D:7      | Noticed a hippogriff
  1449 | D:7      | Noticed Pikel
  1625 | D:7      | Noticed Prince Ribbit
  1627 | D:7      | Noticed Blork the orc
  1629 | D:7      | Paralysed by a potion of paralysis for 3 turns
  1634 | D:7      | Found a sparkling altar of Nemelex Xobeh.
  1636 | D:7      | Noticed Menkaure
  1653 | D:7      | Reached XP level 7. HP: 24/60 MP: 3/3
  1658 | D:7      | HP: 2/60 [Prince Ribbit (8)]
  1675 | D:7      | Killed Blork the orc
  1675 | D:7      | Reached skill level 7 in Axes
  1675 | D:7      | Reached skill level 5 in Dodging
  1676 | D:7      | HP: 1/60 [Prince Ribbit (3)]
  1678 | D:7      | Mangled by Prince Ribbit

Action                   |  1- 3 |  4- 6 |  7- 9 || total
-------------------------+-------+-------+-------++-------
Melee: Hand axe          |    59 |   147 |    13 ||   219
Throw: Throwing net      |     5 |     6 |       ||    11
Evoke: Wand              |       |     8 |    10 ||    18
  Use: Potion            |       |     4 |       ||     4
       Scroll            |       |     9 |       ||     9
 Stab: Held in net/web   |     2 |     2 |       ||     4
       Paralysed         |       |    11 |    12 ||    23
